 Dungeon Crawl Stone Soup version 0.27-a0-1595-g0b823d0a13 (webtiles) character file.

Game seed: 4161992140110593208

6057 robertstho the Thaumaturge (level 10, -5/53 HPs)
             Began as a Vine Stalker Ice Elementalist on July 20, 2021.
             Was a Follower of Sif Muna.
             Slain by an orc warrior (8 damage)
             ... in a bailey.
             The game lasted 00:23:17 (9961 turns).

robertstho the Thaumaturge (VSIE)                   Turns: 9961, Time: 00:23:18

Health: -5/53      AC:  5    Str: 11    XL:     10   Next: 87%
Magic:  0/25       EV: 13    Int: 18    God:    Sif Muna [*.....]
Gold:   340        SH:  0    Dex: 15    Spells: 14/29 levels left

rFire    x . .     SeeInvis .   E - +7 hand axe of Valour {speed, rF- rC++ Stlth+}
rCold    + + .     Faith    .   (no shield)
rNeg     . . .     Spirit   +   a - +0 robe
rPois    .         Reflect  .   (no helmet)
rElec    .         Harm     .   (no cloak)
rCorr    .         Rampage  .   I - +2 pair of gloves
Will     +....                  (no boots)
Stlth    ++++......             A - amulet of the acrobat
HPRegen  1.17/turn              h - ring of wizardry
MPRegen  0.19/turn              t - +4 ring of slaying

@: freezing walls
A: fangs 3, regeneration 1, magic shield, antimagic bite, no potion heal 2
a: Renounce Religion, Channel Magic


You were in a bailey.
You worshipped Sif Muna.
Sif Muna was aware of your devotion.
You visited 2 branches of the dungeon, and saw 10 of its levels.
You also visited: Bailey.

You collected 588 gold pieces.
You spent 248 gold pieces at shops.

Inventory:

Hand Weapons
 b - a +1 vorpal war axe
 E - the +7 hand axe of Valour (weapon) {speed, rF- rC++ Stlth+}
   (You bought it in a shop on level 7 of the Dungeon)

   Attacks with this weapon are significantly faster.
   rF:        It makes you vulnerable to fire.
   rC:        It greatly protects you from cold.
   Stlth:     It makes you more stealthy.
Missiles
 g - 3 throwing nets
Armour
 a - a +0 robe (worn)
 c - +0 acid dragon scales
 I - a +2 pair of gloves (worn)
Magical Staves
 n - a staff of cold
Jewellery
 h - a ring of wizardry (left hand)
 o - a +4 ring of evasion
 t - a +4 ring of slaying (right hand)
 x - a ring of flight
 A - an amulet of the acrobat (around neck)
 C - a ring of positive energy
Wands
 D - a wand of digging (7)
 G - a wand of polymorph (7)
Scrolls
 e - a scroll of identify
 f - a scroll of noise {unknown}
 i - 2 scrolls of holy word {unknown}
 j - 3 scrolls of teleportation {unknown}
 l - a scroll of enchant weapon {unknown}
 m - a scroll of fog {unknown}
 q - a scroll of fear {unknown}
 v - 4 scrolls of vulnerability
 y - 2 scrolls of blinking
 z - a scroll of immolation
Potions
 d - a potion of ambrosia {unknown}
 k - 8 potions of curing
 p - 3 potions of might {unknown}
 r - a potion of lignification {unknown}
 s - 2 potions of attraction {unknown}
 u - 2 potions of flight {unknown}
 w - a potion of mutation {unknown}
 B - 4 potions of invisibility {unknown}
 F - 2 potions of resistance {unknown}
 H - a potion of cancellation {unknown}
 J - a potion of brilliance {unknown}
 K - 3 potions of heal wounds {unknown}
 L - a potion of magic {unknown}
 M - a potion of experience


   Skills:
 * Level 5.9 Fighting
 + Level 3.8 Axes
 + Level 2.7 Staves
 + Level 3.3 Dodging
 + Level 4.8 Stealth
 + Level 1.3 Unarmed Combat
 * Level 10.1 Spellcasting
 + Level 1.2 Conjurations
 + Level 7.9 Ice Magic
 * Level 3.1 Invocations


You had 14 spell levels left.
You knew the following spells:

 Your Spells              Type           Power      Damage    Failure   Level
a - Freeze                Ice            100%       1d11      1%          1
b - Frozen Ramparts       Ice            74%        1d9       1%          3
c - Ozocubu's Armour      Ice            37%        N/A       1%          3
d - Hailstorm             Conj/Ice       25%        3d7       4%          4
e - Ice Form              Ice/Tmut       23%        N/A       6%          4

Your spell library contained the following spells:

 Spells                   Type           Power      Damage    Failure   Level
 Shock                    Conj/Air       44%        1d5       2%          1
 Swiftness                Air            9%         N/A       10%         3
 Airstrike                Air            4%         N/A       30%         4
 Animate Armour           Summ/Erth      18%        N/A       30%         4
 Blade Hands              Tmut           4%         N/A       61%         5
 Simulacrum               Ice/Necr       11%        N/A       65%         6
 Iron Shot                Conj/Erth      5%         9d2       97%         6


Dungeon Overview and Level Annotations

Branches:
Dungeon (9/15)             Temple (1/1) D:6            Lair (0/6) D:8
    Orc (0/2) D:9          Bailey (1/1)

Altars:
Dithmenos
Elyvilon
Gozag
Hepliaklqana
Kikubaaqudgha
Makhleb
Nemelex Xobeh
Sif Muna
Uskayaw
Wu Jian
Xom
Yredelemnul
Zin
The Shining One

Shops:
D:1 =   D:7 *(*


Innate Abilities, Weirdness & Mutations

You have razor-sharp teeth.
Your natural rate of healing is unusually fast.
When hurt, damage is shared between your health and your magic reserves.
Your bite disrupts and absorbs the magic of your enemies.
Potions cannot restore your health.


Message History

Casting: Hailstorm (dangerous; 4% risk of failure)
Confirm with . or Enter, or press ? or * to list all spells.
Casting: Frozen Ramparts (safe; 1% risk of failure)
Press: ? - help, Dir - look around, f - activate The walls around you are covered in ice.
The wall freezes the swamp worm!
The swamp worm fires a harpoon shot at you.
The harpoon shot hits you.
The frozen ramparts melt away as you move.
You are yanked forward by the harpoon shot.
Casting: Frozen Ramparts (safe; 1% risk of failure)
Confirm with . or Enter, or press ? or * to list all spells.
Casting: Frozen Ramparts (safe; 1% risk of failure)
Press: ? - help, Dir - look around, f - activate An open gate.
The walls around you are covered in ice.
The orc warrior hits you from afar with a +0 spear.
The wall freezes the swamp worm.
The swamp worm misses you.
Unknown command.
Casting: Frozen Ramparts (safe; 1% risk of failure)
Confirm with . or Enter, or press ? or * to list all spells.
Casting: Hailstorm (dangerous; 4% risk of failure)
Press: ? - help, Dir - look around, f - activate A cannonade of hail descends around you!
The hail pelts the orc warrior!
The orc warrior is moderately wounded.
The wall freezes the swamp worm.
The swamp worm bites you!! The orc warrior misses you.
Unknown command.
Casting: Hailstorm (dangerous; 4% risk of failure)
Confirm with . or Enter, or press ? or * to list all spells.
Casting: Hailstorm (dangerous; 4% risk of failure)
Press: ? - help, Dir - look around, f - activate A cannonade of hail descends around you!
The hail pelts the orc warrior!
The orc warrior is severely wounded.
The wall freezes the swamp worm.
The swamp worm bites you!!
* * * LOW HITPOINT WARNING * * *
The orc warrior hits you from afar with a +0 spear!
You die...

###'###
##.))).##
#..)))..#
#.......#
#.......#
#.......#
#.......#
##.....##
##@''##
#.w...#
#.o...#
#.....#
#.....#
#..)..#
##'''##
#.....#
#.......#


You could see a swamp worm and an orc warrior (strong).

Vanquished Creatures
  Joseph (D:8)
  Psyche (D:8)
  A komodo dragon (D:8)
  A merfolk (D:9)
  A hornet (D:8)
  A shadow (D:8)
  Sigmund (D:6)
  A yak (D:8)
  Eustachio (D:6)
  Grum (D:8)
  An acid dragon (D:8)
  3 water moccasins
  6 orc warriors
  3 black bears (D:8)
  An ice beast (D:6)
  3 sky beasts
  An ogre (D:6)
  3 wolves (D:8)
  2 centaurs (D:8)
  A gnoll sergeant (D:9)
  2 bullfrogs
  A wyvern zombie (D:8)
  3 scorpions
  A wyvern skeleton (D:7)
  A water moccasin skeleton (D:4)
  5 killer bees (D:9)
  A crimson imp (D:8)
  2 centaur zombies
  4 jellies
  A bullfrog skeleton (D:6)
  5 hounds
  3 orc priests
  2 gnoll shamans
  3 iguanas
  5 orc wizards
  A hound skeleton (D:4)
  2 howler monkey zombies
  16 gnolls
  A howler monkey skeleton (D:7)
  8 adders
  3 white imps
  5 worms
  3 dart slugs
  45 orcs
  9 endoplasms
  4 giant cockroaches
  7 goblins
  4 hobgoblins
  2 jackals (D:2)
  13 kobolds
  4 quokkas
  8 ball pythons
  6 bats
  A frilled lizard (D:2)
  6 rats
221 creatures vanquished.

Vanquished Creatures (others)
  46 fungi (D:8)
  55 plants (D:8)
101 creatures vanquished.

Grand Total: 322 creatures vanquished

Notes
Turn   | Place    | Note
-------+----------+-------------------------------------------
     0 | D:1      | robertstho the Vine Stalker Ice Elementalist began the
                  | quest for the Orb.
     0 | D:1      | Reached XP level 1. HP: 9/9 MP: 4/4
   138 | D:1      | Reached XP level 2. HP: 12/14 MP: 0/6
   576 | D:1      | Found a faded altar of an unknown god.
   618 | D:1      | Found Isob's Jewellery Shoppe.
  1182 | D:2      | Reached XP level 3. HP: 17/17 MP: 4/7
  1193 | D:2      | Reached skill level 1 in Fighting
  1767 | D:2      | Reached skill level 3 in Spellcasting
  1770 | D:2      | Reached skill level 1 in Unarmed Combat
  1929 | D:2      | Gained mutation: Your natural rate of healing is unusually
                  | fast. [Vine Stalker growth]
  1929 | D:2      | Reached XP level 4. HP: 20/22 MP: 7/9
  2638 | D:3      | Learned a level 3 spell: Frozen Ramparts
  2642 | D:3      | Learned a level 3 spell: Ozocubu's Armour
  2860 | D:3      | Reached XP level 5. HP: 25/25 MP: 2/11
  3079 | D:3      | Found a white marble altar of Elyvilon.
  3600 | D:4      | Reached skill level 4 in Spellcasting
  3668 | D:4      | Reached XP level 6. HP: 27/30 MP: 6/13
  4142 | D:4      | Reached skill level 1 in Staves
  4208 | D:4      | Noticed a sky beast
  4213 | D:4      | Killed a sky beast
  4214 | D:4      | Reached skill level 5 in Spellcasting
  4214 | D:4      | Reached XP level 7. HP: 27/35 MP: 8/15
  4388 | D:5      | Entered Level 5 of the Dungeon
  5106 | D:5      | Reached skill level 5 in Ice Magic
  5482 | D:6      | Noticed Eustachio
  5615 | D:6      | Reached skill level 6 in Spellcasting
  5633 | D:6      | Killed Eustachio
  5634 | D:6      | Gained mutation: You have razor-sharp teeth. [Vine Stalker
                  | growth]
  5634 | D:6      | Reached XP level 8. HP: 36/40 MP: 9/18
  5843 | D:6      | Found a staircase to the Ecumenical Temple.
  5974 | D:6      | Reached skill level 7 in Spellcasting
  6627 | D:6      | Noticed Sigmund
  6636 | D:6      | Killed Sigmund
  6637 | D:6      | Reached XP level 9. HP: 37/45 MP: 13/21
  6750 | D:7      | Found Hyd Xuch's Antique Weapon Shop.
  6761 | D:7      | Reached skill level 8 in Spellcasting
  6937 | D:7      | Found Luzi's Assorted Antiques.
  7322 | D:7      | Found Erchic's Assorted Antiques.
  7335 | D:7      | Bought a polished hand axe for 248 gold pieces
  7335 | D:7      | Identified the +7 hand axe of Valour {speed, rF- rC++
                  | Stlth+} (You bought it in a shop on level 7 of the Dungeon)
  7485 | D:7      | Learned a level 4 spell: Hailstorm
  7823 | D:8      | Reached skill level 1 in Axes
  7886 | D:8      | Noticed Grum
  7900 | D:8      | Killed Grum
  7907 | D:8      | Reached skill level 9 in Spellcasting
  8038 | Temple   | Entered the Ecumenical Temple
  8086 | Temple   | Became a worshipper of Sif Muna the Loreminder
  8189 | D:8      | Found a staircase to the Lair.
  8211 | D:8      | Noticed a komodo dragon
  8212 | D:8      | Reached skill level 1 in Invocations
  8212 | D:8      | Reached XP level 10. HP: 39/51 MP: 19/24
  8233 | D:8      | Reached skill level 5 in Fighting
  8430 | D:8      | Noticed Psyche
  8440 | D:8      | Killed Psyche
  8950 | D:8      | Noticed Joseph
  8964 | D:8      | Killed Joseph
  9186 | D:9      | Noticed a centaur warrior
  9192 | D:9      | HP: 2/51 [centaur warrior/arrow (21)]
  9193 | D:9      | a centaur warrior changed into a merfolk
  9506 | D:9      | Found a flagged portal.
  9517 | D:9      | Reached * piety under Sif Muna
  9534 | Bailey   | Entered a bailey
  9557 | Bailey   | Reached skill level 1 in Conjurations
  9562 | Bailey   | Reached skill level 10 in Spellcasting
  9735 | Bailey   | Learned a level 4 spell: Ice Form
  9941 | Bailey   | Noticed an orc knight
  9952 | Bailey   | an orc knight changed into a swamp worm
  9961 | Bailey   | Slain by an orc warrior

Illustrated notes

Levels and vault maps discovered:
D:1:      wheals_arrival_shading, layout_rooms, ebering_ecumenical_altar_mist,
          serial_shops, shop_statue
D:2:      layout_basic, minmay_pentomino_pile
D:3:      layout_basic, nicolae_elyvilon_peaceful_grove, minmay_crystal_water
D:4:      cheibrodos_pilgrimage, layout_rooms, minivault_26
D:5:      layout_basic, serial_glass, glass_columns_a, glass_columns_a,
          due_unseen_surprise
D:6:      layout_basic, minmay_temple_entry_junction, kennysheep_nondescript,
          kennysheep_generic_room_6, uniq_sigmund, uniq_eustachio
D:7:      layout_basic, serial_shops, nicolae_square_shop, shop_statue,
          nicolae_stop_n_shop_2
D:8:      minmay_inner_zag, layout_rooms, due_lair_maze_entry_diamond,
          minmay_fire_ice_demons, uniq_grum, uniq_psyche, uniq_joseph
D:9:      layout_cave_pools, minmay_overflow_temple_star_hex,
          fedhas_ov_isle_minmay, orc_0_dummy, enter_bailey_2, nrook_uturn,
          minmay_misc_feat_rows, hangedman_corner_corridor, uniq_pikel
Temple:   nicolae_temple_god_jail
Bailey:   bailey_polearm_5, bailey

Skill      XL: |  1  2  3  4  5  6  7  8  9 10 |
---------------+-------------------------------+-----
Fighting       | 1 2 3 4 5 |  5.9
Spellcasting   | 3 4 5 6 7 9 10 | 10.1
Unarmed Combat | 1 |  1.3
Dodging        | 2 3 |  3.3
Stealth        | 3 4 |  4.8
Staves         | 1 2 |  2.7
Ice Magic      | 5 6 7 |  7.9
Axes           | 2 3 |  3.8
Invocations    | 1 3 |  3.1
Conjurations   | 1 |  1.2

Action                   |  1- 3 |  4- 6 |  7- 9 | 10-12 || total
-------------------------+-------+-------+-------+-------++-------
Melee: Unarmed           |    98 |    49 |       |       ||   147
       Bite              |    19 |    25 |    25 |    12 ||    81
       Punch             |       |     1 |       |       ||     1
       Staff             |       |    55 |    63 |       ||   118
       Hand axe          |       |       |    40 |    42 ||    82
 Cast: Freeze            |    37 |    33 |    11 |     4 ||    85
       Frozen Ramparts   |       |    12 |    29 |    11 ||    52
       Ozocubu's Armour  |       |     1 |     7 |     6 ||    14
       Hailstorm         |       |       |     2 |    36 ||    38
Invok: Channel Magic     |       |       |       |     2 ||     2
Evoke: Wand              |       |       |       |     2 ||     2
  Use: Scroll            |       |       |     3 |     3 ||     6
       Potion            |       |       |     3 |       ||     3
 Stab: Sleeping          |     4 |     3 |     4 |     1 ||    12
       Distracted        |       |       |     1 |       ||     1
Armor: Robe              |    32 |    18 |    26 |    19 ||    95
Dodge: Dodged            |    97 |    80 |   101 |    50 ||   328

Table legend: (Time is in decaauts)
 A = Elapsed time spent in this place.
 B = Non-inter-level travel time spent in this place.
 C = Inter-level travel time spent in this place.
 D = Time resting spent in this place.
 E = Time spent auto-exploring this place.
 F = Levels seen in this place.
 G = Mean time per level.
                   A        B        C        D        E       F      G
               +--------+--------+--------+--------+--------+-----+--------+
         Total |   9984 |   9551 |    433 |    378 |   7703 |  11 |  907.6 |
       Dungeon |   9500 |   9077 |    423 |    251 |   7472 |   9 | 1055.6 |
        Temple |     57 |     48 |      9 |      0 |     37 |   1 |   57.0 |
        Bailey |    426 |    426 |      0 |    127 |    194 |   1 |  426.0 |
               +--------+--------+--------+--------+--------+-----+--------+

Top non-repeatable levels by time:
     D:8: 1504 daAuts
     D:2: 1265 daAuts
     D:6: 1226 daAuts
     D:3: 1189 daAuts
     D:5: 1093 daAuts
     D:1: 1065 daAuts
     D:7: 1056 daAuts
     D:4: 877 daAuts
  Bailey: 426 daAuts
     D:9: 222 daAuts
  Temple: 57 daAuts
